Map: Invader LE

Players

Florencio - Winner!

  • Race: Protoss Protoss
  • League: Diamond

불꽃

  • Race: Zerg Zerg
  • League: Diamond

VOD

Have the link to the VOD?

Description

Time

  • Played on: April 17, 2016, 7:34 p.m.
  • Length: 17:48
Show
View Real Time Build Order
Export as new Build Order

Florencio Protoss - Winner!

Build Orders: 1 Gate Expand, Oracle Opening 

Get SALT Encoding   

  12  0:02  Probe (Chrono Boost)  
  13  0:12  Probe (Chrono Boost)  
  14  0:23  Pylon  
  14  0:24  Probe (Chrono Boost)  
  15  0:41  Probe (Chrono Boost)  
  16  0:46  Gateway  
  16  0:52  Probe (Chrono Boost)  
  17  0:57  Assimilator  
  17  1:02  Probe (Chrono Boost)  
  18  1:13  Assimilator, Probe (Chrono Boost)  
  19  1:23  Probe (Chrono Boost)  
  20  1:34  Nexus  
  20  1:46  Cybernetics Core  
  20  1:57  Pylon  
  20  1:59  Probe (Chrono Boost)  
  21  2:11  Pylon  
  21  2:14  Probe (Chrono Boost)  
  22  2:24  Probe (Chrono Boost)  
  22  2:25  Stalker (Chrono Boost)  
  25  2:36  Probe  
  26  2:48  Stargate  
  26  2:50  Stargate  
  26  2:54  Probe  
  26  2:56  Probe  
  28  3:02  Assimilator  
  28  3:04  Mothership Core  
  30  3:25  Stargate  
  30  3:27  Forge  
  30  3:29  Probe  
  30  3:30  Probe  
  32  3:36  Assimilator  
  32  3:39  Probe  
  33  3:42  Probe  
  34  3:50  Oracle  
  34  3:53  Probe  
  38  4:03  Oracle  
  38  4:06  Probe  
  38  4:07  Probe  
  43  4:19  Oracle, Probe  
  43  4:20  Probe  
  48  4:37  Photon Cannon  
  48  4:39  Photon Cannon  
  48  4:46  Oracle  
  48  4:50  Probe  
  48  4:52  Probe  
  54  5:08  Pylon  
  53  5:22  Pylon  
  53  5:26  Oracle x3  
  62  5:38  Probe  
  62  5:40  Probe  
  64  5:49  Pylon, Probe  
  64  5:52  Probe  
  64  5:56  Pylon  
  66  5:58  Pylon  
  66  6:00  Probe  
  67  6:04  Probe  
  67  6:08  Photon Cannon, Pylon  
  68  6:13  Void Ray  
  72  6:25  Photon Cannon  
  72  6:29  Photon Cannon  
  72  6:30  Void Ray  
  73  6:48  Void Ray, Photon Cannon  
  77  7:01  Void Ray  
  81  7:17  Void Ray  
  85  7:30  Void Ray  
  89  7:44  Void Ray  
  93  8:00  Void Ray  
  93  8:03  Pylon  
  93  8:05  Pylon  
  97  8:13  Void Ray  
  98  8:27  Void Ray  
  102  8:43  Void Ray  
  106  8:52  Nexus  
  106  8:56  Void Ray  
  110  9:10  Void Ray  
  110  9:26  Void Ray  
  106  9:39  Void Ray  
  110  10:02  Photon Cannon, Probe  
  110  10:03  Void Ray  
  115  10:09  Void Ray  
  115  10:22  Void Ray, Pylon  
  115  10:46  Void Ray  
  119  10:51  Void Ray  
  119  11:05  Void Ray  
  123  11:29  Void Ray  
  127  11:34  Void Ray  
  123  11:47  Void Ray  
  124  12:00  Probe  
  118  12:04  Photon Cannon  
  118  12:05  Photon Cannon  
  119  12:11  Probe  
  119  12:12  Void Ray  
  124  12:17  Void Ray  
  124  12:21  Probe  
  129  12:30  Void Ray  
  133  12:40  Assimilator  
  133  12:45  Assimilator  
  133  12:55  Nexus  
  130  13:52  Void Ray  
  130  14:06  Void Ray  
  128  14:19  Void Ray  
  132  14:25  Probe  
  132  14:27  Pylon  
  132  14:28  Pylon  
  133  14:35  Void Ray, Probe  
  138  14:46  Probe  
  138  14:49  Void Ray  
  143  15:01  Void Ray  
  137  15:15  Probe  
  137  15:18  Void Ray, Mothership Core  
  142  15:25  Probe  
  143  15:31  Void Ray  
  147  15:36  Probe x2  
  149  15:44  Void Ray  
  149  15:45  Photon Cannon  
  149  15:47  Probe  
  154  15:58  Assimilator  
  154  16:00  Assimilator  
  154  16:01  Void Ray  
  157  16:14  Void Ray  
  157  16:16  Pylon  
  157  16:33  Void Ray  
  160  16:44  Void Ray  
Show
View Real Time Build Order
Export as new Build Order

불꽃 Zerg 

Build Orders: Hatch First 

Get SALT Encoding   

  12  0:01  Drone  
  13  0:07  Drone  
  14  0:17  Overlord  
  14  0:35  Drone  
  14  0:36  Drone x2  
  17  0:47  Drone  
  18  1:00  Hatchery  
  17  1:08  Spawning Pool  
  16  1:12  Drone  
  16  1:15  Drone  
  18  1:28  Drone  
  18  1:32  Overlord  
  19  1:46  Drone  
  20  1:56  Queen, Drone  
  23  2:09  Drone  
  23  2:10  Hatchery  
  23  2:12  Drone  
  23  2:14  Zergling x2  
  25  2:25  Drone  
  25  2:27  Drone  
  25  2:28  Queen  
  29  2:32  Queen  
  31  2:43  Drone  
  32  2:45  Drone  
  32  2:46  Drone x2  
  35  2:55  Overlord  
  35  3:00  Extractor  
  35  3:01  Overlord  
  35  3:12  Drone  
  35  3:16  Spine Crawler  
  35  3:18  Drone  
  34  3:21  Drone  
  34  3:22  Extractor, Drone  
  34  3:24  Drone x2  
  34  3:25  Queen, Drone  
  40  3:28  Drone  
  41  3:34  Overlord  
  41  3:40  Drone  
  41  3:41  Spine Crawler  
  41  3:44  Drone  
  41  3:45  Drone x2  
  41  3:46  Drone  
  45  3:50  Drone x2  
  45  3:51  Drone  
  45  3:52  Drone x2  
  50  3:56  Spine Crawler  
  49  4:05  Metabolic Boost  
  49  4:09  Drone x2  
  51  4:11  Drone x2  
  51  4:14  Overlord  
  53  4:18  Roach Warren  
  53  4:23  Evolution Chamber  
  51  4:25  Spore Crawler, Drone  
  51  4:26  Drone, Evolution Chamber  
  51  4:28  Drone x2  
  53  4:34  Pneumatized Carapace, Extractor  
  53  4:35  Extractor  
  53  4:36  Drone x2  
  53  4:38  Drone  
  54  4:39  Drone  
  54  4:41  Drone  
  54  4:43  Drone  
  54  4:44  Drone  
  59  4:45  Drone  
  59  4:51  Zergling x6  
  59  4:52  Zergling x2  
  63  4:56  Zerg Missile Weapons Level 1  
  63  5:02  Zerg Ground Armor Level 1  
  63  5:03  Drone  
  63  5:04  Drone  
  63  5:06  Spine Crawler  
  64  5:09  Drone x2  
  64  5:13  Drone  
  67  5:14  Drone  
  67  5:15  Drone x2  
  70  5:23  Lair  
  70  5:28  Spore Crawler  
  69  5:32  Overlord x4  
  69  5:41  Roach x2  
  69  5:42  Overlord  
  73  5:50  Drone x3  
  73  5:53  Roach x2  
  73  5:54  Roach x3  
  86  6:18  Drone x3  
  89  6:21  Extractor x2  
  89  6:23  Drone x3  
  89  6:25  Hatchery  
  89  6:33  Spore Crawler  
  89  6:35  Spore Crawler  
  89  6:39  Spire  
  86  6:45  Spore Crawler  
  78  6:48  Spore Crawler  
  78  6:54  Spore Crawler, Drone x5  
  70  6:56  Spore Crawler  
  70  6:57  Zergling x2, Spore Crawler  
  70  6:58  Zergling x6  
  72  7:02  Queen  
  71  7:13  Spore Crawler  
  70  7:17  Hatchery  
  70  7:19  Drone x5  
  74  7:23  Drone  
  74  7:24  Drone x2  
  74  7:28  Lair  
  77  7:31  Hatchery  
  76  7:38  Queen  
  76  7:39  Spore Crawler  
  76  7:42  Hatchery  
  76  7:43  Spore Crawler  
  75  7:45  Spore Crawler  
  75  7:46  Spore Crawler  
  73  7:53  Queen, Drone x2  
  77  8:02  Corruptor x4  
  85  8:13  Drone x2  
  85  8:14  Spore Crawler, Queen  
  85  8:15  Spore Crawler  
  87  8:31  Zerg Missile Weapons Level 2  
  87  8:33  Queen  
  87  8:39  Corruptor x3  
  87  8:40  Corruptor x2  
  95  8:50  Drone  
  98  8:57  Drone  
  98  8:58  Drone  
  98  8:59  Spore Crawler  
  98  9:00  Glial Reconstitution  
  98  9:02  Zerg Flyer Weapons Level 1  
  99  9:09  Drone x4  
  62  9:46  Drone  
  62  9:47  Drone x7  
  62  9:48  Roach x3  
  62  9:49  Roach  
  78  9:53  Drone x2  
  78  9:54  Drone  
  78  9:55  Hatchery  
  78  9:59  Hatchery  
  79  10:01  Roach  
  79  10:02  Roach x2  
  82  10:20  Corruptor x2  
  84  10:28  Roach x2  
  84  10:30  Corruptor  
  88  10:36  Lair  
  88  10:46  Corruptor  
  88  10:48  Overlord  
  90  10:53  Roach  
  90  10:56  Overlord  
  87  11:06  Corruptor  
  89  11:16  Drone  
  81  11:27  Queen  
  83  11:37  Spore Crawler  
  82  11:47  Drone  
  82  11:48  Spore Crawler, Drone  
  83  12:03  Hatchery  
  83  12:08  Drone  
  83  12:09  Spore Crawler  
  83  12:11  Queen  
  84  12:16  Queen  
  84  12:17  Roach  
  84  12:18  Roach x2  
  92  12:28  Drone x3  
  95  12:57  Hydralisk Den  
  94  13:04  Drone x6  
  100  13:21  Drone x3  
  100  13:23  Drone  
  104  13:31  Hydralisk x3  
  89  14:09  Hatchery  
  84  14:18  Hatchery  
  83  14:26  Hydralisk x4  
  91  14:35  Hydralisk x2  
  96  14:55  Hydralisk  
  68  15:15  Hydralisk x3  
  74  15:27  Hydralisk  
  76  15:50  Hatchery  
  76  15:51  Hydralisk x2  
  78  16:24  Hydralisk x3  
  70  16:42  Hydralisk  
  66  17:00  Hydralisk x2  
Tags
 
Add a new tag
Caveats
  • Supply blocks, unpowered buildings, or Contaminate may cause inaccurate times.
  • Supply counts are checked every 10 seconds.